 Dungeon Crawl Stone Soup version 0.27.1-34-g3ba077fa99 (webtiles) character file.

Game seed: 18209277375864865060

49 pkoi the Insei (level 3, -1/31 HPs)
             Began as a Draconian Monk on Jan 4, 2022.
             Was a Believer of Cheibriados.
             Slain by a gnoll (6 damage)
             ... on level 2 of the Dungeon.
             The game lasted 00:01:47 (2255 turns).

pkoi the Insei (Draconian Monk)                     Turns: 2255, Time: 00:01:48

Health: -1/31      AC:  5    Str: 17    XL:     3   Next: 53%
Magic:  12/12      EV: 13    Int: 15    God:    Cheibriados [**....]
Gold:   62         SH:  5    Dex: 17    Spells: 2/2 levels left

rFire    . . .     SeeInvis .   b - +3 dagger
rCold    . . .     Faith    .   (no shield)
rNeg     . . .     Spirit   .   (armour unavailable)
rPois    .         Reflect  +   (helmet restricted)
rElec    .         Harm     .   (no cloak)
rCorr    .         Rampage  .   (no gloves)
Will     .....                  (no boots)
Stlth    ++........             h - amulet of reflection
HPRegen  0.10/turn              a - ring of magical power
MPRegen  0.13/turn              k - ring of flight

@: flying, very slow
A: AC +5, unfitting armour, cold-blooded
a: Renounce Religion, Bend Time


You were on level 2 of the Dungeon.
You worshipped Cheibriados.
Cheibriados was pleased with you.
You visited 1 branch of the dungeon, and saw 2 of its levels.

You collected 62 gold pieces.

Inventory:

Hand Weapons
 b - a +3 dagger (weapon)
Missiles
 l - 11 stones (quivered)
Jewellery
 a - a ring of magical power (left hand)
 h - an amulet of reflection (around neck)
 k - a ring of flight (right hand)
Scrolls
 c - a scroll of identify {unknown}
 d - 2 scrolls of brand weapon {unknown}
 j - a scroll of teleportation {unknown}
Potions
 e - 3 potions of flight {unknown}
 f - a potion of haste {unknown}
 g - a potion of cancellation {unknown}
 i - a potion of degeneration {unknown}


   Skills:
 - Level 3.2 Fighting
 - Level 2.6 Dodging
 - Level 1.7 Stealth
 + Level 4.5 Unarmed Combat
 + Level 0.6 Invocations


You had 2 spell levels left.
You didn't know any spells.
Your spell library contained the following spells:

 Spells                   Type           Power      Damage    Failure   Level
 Beastly Appendage        Tmut           0%         N/A       26%         1
 Wereblood                Tmut           0%         N/A       38%         2
 Spider Form              Tmut/Pois      0%         N/A       63%         3


Dungeon Overview and Level Annotations

Branches:
Dungeon (2/15)

Altars:
Cheibriados


Innate Abilities, Weirdness & Mutations

Your plain brown scales are hard. (AC +5)
You cannot fit into any form of body armour.
You are cold-blooded and may be slowed by cold attacks.


Message History

An endoplasm comes into view.
You are too injured to fight recklessly!
You are too injured to fight recklessly!
You are too injured to fight recklessly!
You barely miss the gnoll.
The gnoll is lightly wounded.
The gnoll hits you with a +0 flail.
* * * LOW HITPOINT WARNING * * *
The endoplasm quivers.
You hit the gnoll but do no damage.
The gnoll is lightly wounded.
The gnoll hits you but does no damage.
You hit the gnoll.
The gnoll is lightly wounded.
You block the gnoll's attack.
You hit the gnoll but do no damage. You tail-slap the gnoll.
The gnoll is heavily wounded.
The gnoll closely misses you.
You hit the gnoll.
You kill the gnoll!
Cheibriados appreciates the change of pace.
A gnoll comes into view.
It is wielding a +0 flail of holy wrath.
You hit the gnoll.
The gnoll is lightly wounded.
The gnoll hits you but does no damage.
You barely miss the gnoll.
Your tail-slap misses the gnoll.
You punch the gnoll.
The gnoll is moderately wounded.
The gnoll completely misses you.
You puncture the gnoll!
The gnoll is severely wounded.
The gnoll closely misses you.
You barely miss the gnoll.
The gnoll is severely wounded.
The gnoll hits you with a +0 flail of holy wrath!
* * * LOW HITPOINT WARNING * * *
You barely miss the gnoll.
The gnoll is severely wounded.
The gnoll hits you with a +0 flail of holy wrath.
You die...

...##.≈P#_#.≈.#
#.#..P.#.#.⌠.#
#....P.#.#.P.###
#.#..≈.....≈.(.#
####.##.≈≈≈⌠≈≈≈.#.#
....##.........#.#
#.......##.#### #
##g####....# .#
#.@(##.#######.#
##..g........#.#
#..##.#####.#.#
#####..##.# #.#.#
#......##.# #.#.#
#.####....# #.#.#
#..### #...# #..#
##..#### #..#
#......


You could see 2 gnolls.

Vanquished Creatures
  An adder (D:2)
  A gnoll (D:2)
  2 dart slugs
  2 ball pythons (D:1)
  A giant cockroach (D:1)
  2 goblins (D:2)
  6 hobgoblins
  3 kobolds
  2 quokkas (D:1)
  3 bats (D:1)
  3 frilled lizards
  A rat (D:2)
27 creatures vanquished.

Vanquished Creatures (others)
  3 fungi (D:2)
  5 plants (D:2)
8 creatures vanquished.

Grand Total: 35 creatures vanquished

Notes
Turn   | Place    | Note
-------+----------+-------------------------------------------
     0 | D:1      | pkoi the Draconian Monk began the quest for the Orb.
     0 | D:1      | Reached XP level 1. HP: 19/19 MP: 1/1
   562 | D:1      | Reached XP level 2. HP: 22/26 MP: 2/2
  1045 | D:1      | Reached skill level 4 in Unarmed Combat
  1170 | D:2      | Found a faded altar of an unknown god.
  1330 | D:2      | Found a snail-covered altar of Cheibriados.
  1340 | D:2      | Became a worshipper of Cheibriados the Contemplative
  1340 | D:2      | Reached * piety under Cheibriados
  1340 | D:2      | Reached ** piety under Cheibriados
  1354 | D:2      | Reached XP level 3. HP: 17/31 MP: 3/3
  2255 | D:2      | Slain by a gnoll

Illustrated notes

Levels and vault maps discovered:
D:1:      lightli_arrival_quake, layout_basic, minmay_misc_feat_nine_boxes
D:2:      layout_loops_ring, basic_altar, shapermc_ecumenical_altar_acropolis

Skill      XL: |  1  2 |
---------------+-------+-----
Unarmed Combat | 4 |  4.5
Fighting       | |  3.2
Dodging        | |  2.6
Stealth        | |  1.7
Invocations    | |  0.6

Action                   || total
-------------------------++-------
Melee: Dagger            ||    61
       Unarmed           ||     7
       Tailslap          ||    11
       Punch             ||     2
Throw: Stone             ||     2
 Stab: Sleeping          ||     8
Armor: Skin              ||    13
Dodge: Dodged            ||    24
Block: Other             ||     9
